[Event "Titled Tuesday Blitz December 27 Early 2022"]
[White "Vifleemskaia, Svetlana"]
[Black "Piesik, Piotr"]
[WhiteFideId "4129490"]
[BlackFideId "1136194"]
[WhiteElo "1971"]
[BlackElo "2426"]
[Result "0-1"]
[Round "02"]
[TimeControl "180+2"]
[Date "2022.12.27"]
[WhiteClock "0:00:14"]
[BlackClock "0:00:38"]

1. d4 c5 2. d5 e5 3. Nc3 d6 4. e4 Be7 5. Nf3 a6 6. a4 Bg4 7. Be2 Bxf3 8. Bxf3 Bg5 9. O-O Bxc1 10. Qxc1 Ne7 11. g3 O-O 12. Bg2 f5 13. f4 Nd7 14. Qd2 h6 15. Bh3 exf4 16. Rxf4 fxe4 17. Be6+ Kh8 18. Nxe4 Rxf4 19. Qxf4 Ne5 20. b3 N7g6 21. Qe3 Qe7 22. Rf1 Rf8 23. Rf2 Rxf2 24. Qxf2 Nf8 25. Qf5 g6 26. Qf6+ Qxf6 27. Nxf6 Nf3+ 28. Kf2 Nd4 29. Ne8 Nfxe6 30. dxe6 Nxe6 31. Nxd6 b6 32. c3 Kg7 33. Ke3 Kf6 34. Ke4 Nc7 35. h4 Ke6 36. Nc8 b5 37. c4 bxa4 38. bxa4 Ne8 39. a5 g5 40. hxg5 hxg5 41. Nb6 Nd6+ 42. Kd3 Nb7 43. Na4 Kd6 44. Ke4 Nxa5 45. Kf5 Nxc4 46. Kxg5 Kd5 47. Kf5 Nd6+ 48. Kf6 Ne4+ 49. Kf5 Nxg3+ 50. Kf4 Ne4 51. Ke3 Nd6 52. Kd3 Kc6 53. Kc3 Kb5 54. Nb2 a5 55. Nd3 a4 56. Ne5 Ne4+ 57. Kd3 Nf6 58. Kc3 Nd5+ 59. Kd3 Kb4 60. Nc6+ Kb5 61. Ne5 a3 62. Kc2 c4 63. Nf3 Kb4 64. Nd4 Ne3+ 65. Kb1 c3 66. Nc6+ Kb5 67. Nd4+ Kc4 68. Ne2 Nd5 69. Ka2 Kb4 70. Nd4 Ka4 71. Nc2 Nb4+ 72. Nxb4 Kxb4 0-1


[Site "https://www.chess.com"]

[Event "Titled Tuesday Blitz December 27 Early 2022"]
[White "Vlassov, Nikolai"]
[Black "Zierk, Steven"]
[WhiteFideId "4103360"]
[BlackFideId "2034255"]
[WhiteElo "2283"]
[BlackElo "2488"]
[Result "0-1"]
[Round "02"]
[TimeControl "180+2"]
[Date "2022.12.27"]
[WhiteClock "0:00:03"]
[BlackClock "0:00:15"]

1. e4 e6 2. d4 d5 3. exd5 exd5 4. Nf3 Nc6 5. Bd3 Bd6 6. O-O Nge7 7. Re1 Bg4 8. c3 Qd7 9. Nbd2 O-O-O 10. b4 Rde8 11. b5 Nd8 12. Qa4 Kb8 13. Ne5 Bxe5 14. dxe5 Bf5 15. Bf1 Ng6 16. Nf3 Be4 17. Be3 b6 18. Nd4 Nxe5 19. f3 Bg6 20. Bf4 Nd3 21. Nc6+ Nxc6 22. bxc6 Qc8 23. Bxd3 Bxd3 24. Qd4 Qf5 25. g4 Qf6 26. Qxd3 Qxc6 27. Bg3 Kb7 28. Kg2 h5 29. Rxe8 Rxe8 30. gxh5 Rh8 31. Re1 Qc5 32. Re5 Rd8 33. h4 Rd7 34. Qe3 Qa3 35. Qd4 Qxa2+ 36. Kh3 a5 37. Qg4 Rd6 38. Re7 Rc6 39. Qf4 Qc4 40. Rxf7 a4 41. Rxg7 a3 42. Qf5 a2 43. Rg8 Qf1+ 44. Kg4 Rc4+ 45. Kg5 Qc1+ 46. Bf4 Qxf4+ 47. Qxf4 Rxf4 48. Kxf4 a1=Q 49. h6 Qc1+ 50. Kf5 Qxh6 51. Rg4 Qf8+ 52. Ke5 Qxf3 53. Rg5 Qxc3+ 54. Kxd5 Qh3 55. h5 b5 56. Ke5 b4 57. Kf6 b3 58. Rb5+ Kc6 59. Rb8 Qxh5 60. Rxb3 Qh4+ 61. Ke5 Qc4 62. Rh3 Kc5 63. Rh7 Qd4+ 64. Ke6 Qe4+ 0-1


[Site "https://www.chess.com"]

[Event "Titled Tuesday Blitz December 27 Early 2022"]
[White "Volkov, Maksim"]
[Black "Tarnowska, Aleksandra"]
[WhiteFideId "54123070"]
[BlackFideId "1180967"]
[WhiteElo "2258"]
[BlackElo "1835"]
[Result "1-0"]
[Round "02"]
[TimeControl "180+2"]
[Date "2022.12.27"]
[WhiteClock "0:00:15"]
[BlackClock "0:00:04"]

1. d4 d5 2. c4 e6 3. Nf3 Nf6 4. g3 Be7 5. Bg2 O-O 6. Nc3 dxc4 7. Ne5 Nbd7 8. Nxc4 Nb6 9. Ne5 c5 10. dxc5 Bxc5 11. O-O Bd4 12. Nd3 Nbd5 13. Nxd5 Nxd5 14. Qb3 Qb6 15. Qxb6 Nxb6 16. Bg5 h6 17. Be7 Re8 18. Bd6 Rd8 19. Be7 Re8 20. Bc5 e5 21. Rac1 Bxc5 22. Rxc5 Be6 23. Rxe5 Bxa2 24. Bxb7 Rxe5 25. Nxe5 Re8 26. Nd3 Rxe2 27. b4 Bc4 28. Rd1 Bxd3 29. Rxd3 Rb2 30. Be4 g6 31. Rd4 Rb3 32. Bc6 Kg7 33. Kg2 a6 34. Bb7 Ra3 35. Rd6 Nc4 36. Rxa6 Rxa6 37. Bxa6 Nb6 38. Kf3 Kf6 39. Ke4 Ke6 40. f4 f5+ 41. Kd4 Kd6 42. Bc4 g5 43. fxg5 hxg5 44. h4 gxh4 45. gxh4 Nd7 46. h5 Nf6 47. h6 f4 48. Bd3 Ng4 49. h7 f3 50. h8=Q f2 51. Qd8+ Ke6 52. Qc8+ Kf6 53. Qxg4 f1=Q 54. Bxf1 Ke7 55. Qg7+ Kd6 56. b5 Ke6 57. Bh3+ Kd6 58. Qd7# 1-0


[Site "https://www.chess.com"]

[Event "Titled Tuesday Blitz December 27 Early 2022"]
[White "Warchol, Kamil"]
[Black "Altman, Joshua"]
[WhiteFideId "21858241"]
[BlackFideId "426210"]
[WhiteElo "2173"]
[BlackElo "2120"]
[Result "0-1"]
[Round "02"]
[TimeControl "180+2"]
[Date "2022.12.27"]
[WhiteClock "0:00:01"]
[BlackClock "0:02:16"]

1. e4 e6 2. d4 d5 3. Nc3 Nf6 4. Bg5 dxe4 5. Nxe4 Nbd7 6. Nf3 Be7 7. Nxf6+ Nxf6 8. Bd3 b6 9. Ne5 Bb7 10. Bb5+ c6 11. Qf3 Qd5 12. Qxd5 Nxd5 13. Bxe7 cxb5 14. Bh4 Nf4 15. O-O Bxg2 16. Rfe1 Bd5 17. Bg3 Nh3+ 18. Kf1 h5 19. f3 h4 0-1


[Site "https://www.chess.com"]

[Event "Titled Tuesday Blitz December 27 Early 2022"]
[White "White, John S."]
[Black "Melikhov, Evgeny V."]
[WhiteFideId "2502348"]
[BlackFideId "4122046"]
[WhiteElo "2235"]
[BlackElo "2269"]
[Result "0-1"]
[Round "02"]
[TimeControl "180+2"]
[Date "2022.12.27"]
[WhiteClock "0:00:06"]
[BlackClock "0:00:39"]

1. e4 c5 2. Nf3 d6 3. c3 Nf6 4. Be2 Bd7 5. d3 Bc6 6. O-O Nbd7 7. Re1 e6 8. Bf1 Be7 9. Qc2 O-O 10. Nbd2 Qc7 11. Nc4 b5 12. Ne3 a6 13. a3 c4 14. dxc4 Bxe4 15. Qe2 bxc4 16. Nxc4 d5 17. Ncd2 Bg6 18. Ne5 Nxe5 19. Qxe5 Qxe5 20. Rxe5 Rfc8 21. Nf3 Ne4 22. Bd3 Bf6 23. Bxe4 Bxe4 24. Rh5 Bg6 25. Rh3 a5 26. Be3 Rcb8 27. Bd4 Bxd4 28. Nxd4 Rxb2 29. Re3 Rab8 30. h3 Rb1+ 31. Re1 Rxe1+ 32. Rxe1 Rb2 33. Ra1 Kf8 34. Kf1 Ke8 35. Ke1 Kd7 36. a4 Rb1+ 37. Rxb1 Bxb1 38. Kd2 e5 39. Nb5 Ba2 40. Ke3 Bb3 41. f4 f6 42. fxe5 fxe5 43. Na3 Bxa4 44. c4 Kd6 45. cxd5 Kxd5 46. Nb1 Bc6 47. Nc3+ Kc4 48. Ne2 a4 49. g4 a3 50. Nc1 Kc3 51. Ke2 Bb5+ 52. Kd1 Bc4 53. h4 a2 54. Nxa2+ Bxa2 55. Ke2 Kd4 56. Kf3 Bd5+ 57. Kg3 e4 58. Kf2 e3+ 59. Ke2 Bc4+ 60. Ke1 Ke4 61. g5 g6 62. h5 gxh5 63. g6 hxg6 64. Kd1 Kf3 65. Ke1 h4 66. Kd1 Kf2 67. Kc2 e2 0-1


[Site "https://www.chess.com"]

[Event "Titled Tuesday Blitz December 27 Early 2022"]
[White "Wickramasinghe, Minethma Lasandi"]
[Black "Ljukin, Sergei"]
[WhiteFideId "9966170"]
[BlackFideId "14102200"]
[WhiteElo "1483"]
[BlackElo "2362"]
[Result "0-1"]
[Round "02"]
[TimeControl "180+2"]
[Date "2022.12.27"]
[WhiteClock "0:00:13"]
[BlackClock "0:00:45"]

1. d4 d5 2. c4 c6 3. Bf4 Nf6 4. Nc3 dxc4 5. e3 b5 6. a4 b4 7. Na2 Nd5 8. Bg3 b3 9. Nc3 Nxc3 10. bxc3 Qa5 11. Qc1 Ba6 12. Nf3 Nd7 13. Nd2 Nb6 14. Bc7 e6 15. Bxc4 b2 16. Qxb2 Nxc4 17. Bxa5 Nxb2 18. Rb1 Nc4 19. Nxc4 Bxc4 20. Rb7 Bd6 21. Kd2 Ba6 22. Rb2 Kd7 23. Rhb1 Rhb8 24. g3 Rxb2+ 25. Rxb2 Rb8 26. Bb4 Bc4 27. a5 c5 28. Ba3 Rxb2+ 29. Bxb2 cxd4 30. cxd4 Kc6 31. Bc3 Kb5 32. Kc2 Bb4 33. Bxb4 Kxb4 0-1


[Site "https://www.chess.com"]

[Event "Titled Tuesday Blitz December 27 Early 2022"]
[White "Williams, Simon K"]
[Black "Bok, Benjamin"]
[WhiteFideId "404454"]
[BlackFideId "1017063"]
[WhiteElo "2465"]
[BlackElo "2607"]
[Result "0-1"]
[Round "02"]
[TimeControl "180+2"]
[Date "2022.12.27"]
[WhiteClock "0:00:18"]
[BlackClock "0:00:03"]

1. c4 c6 2. Nc3 d5 3. d4 Nf6 4. Nf3 e6 5. Bg5 h6 6. Bh4 dxc4 7. e4 g5 8. Bg3 b5 9. e5 Nd5 10. Nd2 Bb7 11. a4 a6 12. Nde4 Nd7 13. Be2 c5 14. axb5 Nxc3 15. Nxc3 axb5 16. d5 b4 17. dxe6 Rxa1 18. Qxa1 bxc3 19. exd7+ Qxd7 20. O-O Bg7 21. Rd1 Qc8 22. bxc3 O-O 23. Bxc4 h5 24. h3 h4 25. Bh2 g4 26. hxg4 Qxg4 27. Bd5 Bxd5 28. Rxd5 h3 29. Bg3 hxg2 30. Kxg2 Qe4+ 0-1


[Site "https://www.chess.com"]

[Event "Titled Tuesday Blitz December 27 Early 2022"]
[White "Xu, Yi"]
[Black "Mihajlov, Sebastian"]
[WhiteFideId "8605564"]
[BlackFideId "1512110"]
[WhiteElo "2527"]
[BlackElo "2373"]
[Result "1-0"]
[Round "02"]
[TimeControl "180+2"]
[Date "2022.12.27"]
[WhiteClock "0:00:19"]
[BlackClock "0:00:08"]

1. e4 e5 2. Nf3 Nc6 3. Bc4 Bc5 4. O-O Nf6 5. d3 h6 6. c3 d6 7. Nbd2 a5 8. Re1 O-O 9. h3 Re8 10. Nf1 Be6 11. Bb5 Bd7 12. Ng3 Ne7 13. Bxd7 Qxd7 14. d4 exd4 15. cxd4 Bb4 16. Bd2 Ng6 17. a3 Bxd2 18. Qxd2 a4 19. Rac1 Rad8 20. Qb4 b6 21. d5 Nf4 22. Qc3 Rc8 23. Nd4 Re5 24. Qf3 g5 25. Nc6 Ree8 26. Nf5 Kh7 27. Ncd4 Re5 28. Nc6 Ree8 29. Ng3 Ng8 30. Re3 Ne7 31. Kh2 Neg6 32. Nf5 Ne5 33. Qd1 Nxc6 34. Rxc6 Re5 35. Ng3 Rce8 36. Qxa4 h5 37. Qc2 h4 38. Rxc7 hxg3+ 39. fxg3 Qb5 40. gxf4 gxf4 41. Rxf7+ Kh8 42. Rxf4 Rg8 43. Rh4+ Kg7 44. Rg3+ 1-0


[Site "https://www.chess.com"]

[Event "Titled Tuesday Blitz December 27 Early 2022"]
[White "Yaran, Siar"]
[Black "Bluebaum, Matthias"]
[WhiteFideId "6323006"]
[BlackFideId "24651516"]
[WhiteElo "2288"]
[BlackElo "2669"]
[Result "0-1"]
[Round "02"]
[TimeControl "180+2"]
[Date "2022.12.27"]
[WhiteClock "0:00:07"]
[BlackClock "0:01:36"]

1. c4 e6 2. Nc3 d5 3. d4 Bb4 4. e3 Nf6 5. a3 Bxc3+ 6. bxc3 c6 7. Nf3 O-O 8. Bd3 b6 9. O-O Ba6 10. cxd5 cxd5 11. a4 Qc8 12. Ba3 Re8 13. Rc1 Bxd3 14. Qxd3 Nc6 15. c4 Qa6 16. Rfd1 Qxa4 17. cxd5 exd5 18. Ne5 Nxe5 19. dxe5 Rxe5 20. Bb2 Re6 21. Bxf6 Rxf6 22. Qxd5 Rf8 23. Ra1 Qc2 24. Rd2 Qc7 25. Qd7 Rc6 26. g3 a5 27. Rb1 Qxd7 28. Rxd7 Ra8 29. Rb7 a4 30. R1xb6 Rxb6 31. Rxb6 a3 32. Rb1 a2 33. Ra1 f5 34. Kf1 Kf7 35. Ke2 Ke6 36. Kd3 Kd5 37. f3 Ra3+ 38. Kd2 Kc4 39. e4 fxe4 40. fxe4 Kb3 41. Kc1 0-1


[Site "https://www.chess.com"]

[Event "Titled Tuesday Blitz December 27 Early 2022"]
[White "Yeritsyan, Hayk"]
[Black "Tharushi, T H D Niklesha"]
[WhiteFideId "13307320"]
[BlackFideId "9918264"]
[WhiteElo "2241"]
[BlackElo "1570"]
[Result "1-0"]
[Round "02"]
[TimeControl "180+2"]
[Date "2022.12.27"]
[WhiteClock "0:00:41"]
[BlackClock "0:00:17"]

1. e4 c6 2. d4 d5 3. exd5 cxd5 4. c4 Nf6 5. Nf3 Bg4 6. Nc3 Nc6 7. cxd5 Nxd5 8. Bc4 e6 9. O-O Be7 10. Re1 O-O 11. h3 Bxf3 12. Qxf3 Nxd4 13. Qd1 Nb4 14. Bb3 Nxb3 15. Qxb3 Nd3 16. Rd1 Bc5 17. Ne4 Nxc1 18. Raxc1 Bd4 19. Kh1 Qb6 20. Qg3 Rac8 21. b3 f5 22. Rxc8 Rxc8 23. Nd6 Rd8 24. Nc4 Bxf2 25. Rxd8+ Qxd8 26. Qxf2 b5 27. Nd2 e5 28. Nf3 e4 29. Qd4 Qa5 30. Qd5+ Kf8 31. Ne5 Qc7 32. Nd7+ Ke7 33. Nc5 Kf6 34. Qe6+ Kg5 35. Qd5 Qg3 36. Nxe4+ Kf4 37. Nxg3 Kxg3 38. Qxf5 g6 39. Qxb5 Kh4 40. Qa6 h5 41. Qxa7 g5 42. Qg1 g4 43. Qf2+ g3 44. Qf4# 1-0


[Site "https://www.chess.com"]

[Event "Titled Tuesday Blitz December 27 Early 2022"]
[White "Yuan, Qingyu"]
[Black "Defend, Balint"]
[WhiteFideId "8609772"]
[BlackFideId "17004853"]
[WhiteElo "2373"]
[BlackElo "1673"]
[Result "1-0"]
[Round "02"]
[TimeControl "180+2"]
[Date "2022.12.27"]
[WhiteClock "0:02:05"]
[BlackClock "0:01:13"]

1. e4 c5 2. Nf3 d6 3. d4 cxd4 4. Nxd4 Nf6 5. Nc3 a6 6. Rg1 e5 7. Nb3 Be6 8. g4 h6 9. Bd2 Be7 10. Qf3 Nbd7 11. O-O-O Qc7 12. h4 Nh7 13. g5 hxg5 14. hxg5 Nhf8 15. Kb1 b5 16. Nd5 Bxd5 17. exd5 Ng6 18. Bd3 Nc5 19. Ba5 Qb7 20. Nxc5 dxc5 21. Be4 Bd6 22. Rh1 Ke7 23. Qg4 Raf8 1-0


[Site "https://www.chess.com"]

[Event "Titled Tuesday Blitz December 27 Early 2022"]
[White "Zemlyanskii, Ivan"]
[Black "Wagner, Dinara"]
[WhiteFideId "24249971"]
[BlackFideId "24157570"]
[WhiteElo "2300"]
[BlackElo "2417"]
[Result "1/2-1/2"]
[Round "02"]
[TimeControl "180+2"]
[Date "2022.12.27"]
[WhiteClock "0:00:16"]
[BlackClock "0:00:16"]

1. d4 Nf6 2. c4 c5 3. d5 b5 4. Nf3 g6 5. cxb5 a6 6. Nc3 axb5 7. Nxb5 d6 8. Nc3 Ba6 9. e4 Bxf1 10. Kxf1 Bg7 11. g3 O-O 12. Kg2 Nbd7 13. a4 c4 14. Nd4 Ne5 15. Qe2 Qd7 16. h3 e6 17. Bg5 Rfb8 18. Ndb5 exd5 19. Bxf6 Bxf6 20. Nxd5 Bg7 21. Ra3 Nd3 22. b3 Rxb5 23. bxc4 Rxd5 24. cxd5 Nc5 25. a5 Re8 26. a6 Qa7 27. Qb5 Rb8 28. Qc4 Rb2 29. Ra2 Rxa2 30. Qxa2 Qxa6 31. Qxa6 Nxa6 32. Rb1 Bf8 33. f4 Nc5 34. Kf3 f6 35. Rb8 Kf7 36. Ra8 Be7 37. Ra7 Kf8 38. Ke3 Ke8 39. Kd4 Nd7 40. Ra8+ Bd8 41. Ke3 Ke7 42. Kf3 h5 43. h4 Bc7 44. Ra7 Bd8 45. g4 hxg4+ 46. Kxg4 Ke8 47. h5 gxh5+ 48. Kxh5 Bb6 49. Ra6 Ke7 50. Kg4 Be3 51. Ra3 Bd4 52. Rh3 Nc5 53. Rh7+ Ke8 54. Kf5 Bc3 55. Rc7 Bd4 56. Rh7 Bc3 57. Rh3 Bd4 58. Rh1 Bc3 59. Rd1 Ke7 60. Rc1 Bd4 61. Rc4 Bb2 62. Rb4 Bc3 63. Rb5 Bd4 64. Rb4 Bc3 65. Rb8 Bd4 66. Rh8 Bc3 67. Rh7+ Ke8 1/2-1/2


[Site "https://www.chess.com"]

[Event "Titled Tuesday Blitz December 27 Early 2022"]
[White "Zherebtsova, Alexandra"]
[Black "Roque Sola, Gisela"]
[WhiteFideId "24129518"]
[BlackFideId "5120241"]
[WhiteElo "2155"]
[BlackElo "2061"]
[Result "1-0"]
[Round "02"]
[TimeControl "180+2"]
[Date "2022.12.27"]
[WhiteClock "0:00:18"]
[BlackClock "0:00:02"]

1. d4 Nf6 2. Nf3 e6 3. c4 d5 4. e3 Be7 5. Nbd2 O-O 6. b3 b6 7. Bb2 Bb7 8. Bd3 dxc4 9. Nxc4 c5 10. O-O Nc6 11. Qe2 cxd4 12. Nxd4 Nxd4 13. Bxd4 Qd5 14. f3 Rfd8 15. Rfd1 Qh5 16. Bb2 Rac8 17. Rac1 Nd5 18. a3 Qh6 19. b4 Bg5 20. f4 Nxf4 21. exf4 Bxf4 22. h3 Bxc1 23. Bxc1 Qh4 24. Bb2 Qg3 25. Be5 Qg5 26. Nd6 Rc1 27. Nxb7 Rxd1+ 28. Qxd1 Qxe5 29. Nxd8 Qd4+ 30. Kh1 g6 31. Nc6 Qc3 32. b5 Qxa3 33. Qe2 Qa1+ 34. Kh2 h5 35. Qe4 Qc3 36. Qd4 Qc1 37. Qd8+ Kg7 38. Qd4+ Kg8 39. Ne5 Kg7 40. Nd7+ 1-0


[Site "https://www.chess.com"]

[Event "Titled Tuesday Blitz December 27 Early 2022"]
[White "Abdilkhair, Abilmansur"]
[Black "Aravindh, Chithambaram VR."]
[WhiteFideId "13716417"]
[BlackFideId "5072786"]
[WhiteElo "2268"]
[BlackElo "2633"]
[Result "0-1"]
[Round "03"]
[TimeControl "180+2"]
[Date "2022.12.27"]
[WhiteClock "0:00:17"]
[BlackClock "0:00:49"]

1. d4 b6 2. e4 Bb7 3. Bd3 g6 4. Nf3 Bg7 5. O-O e6 6. Nc3 Ne7 7. Be3 d6 8. Qd2 h6 9. Rfe1 Nd7 10. a4 a6 11. Ne2 Nf6 12. Ng3 Ng4 13. a5 Nxe3 14. Qxe3 O-O 15. axb6 cxb6 16. c3 b5 17. h4 h5 18. Ng5 Nc6 19. Qe2 Qf6 20. e5 dxe5 21. N5e4 Qxh4 22. Nc5 Rab8 23. Nxb7 Rxb7 24. Rxa6 Nb8 25. Ra8 exd4 26. Qf3 Rc7 27. cxd4 Bxd4 28. Re4 Qf6 29. Rf4 Qg7 30. Bxb5 Nd7 31. Bxd7 Rxd7 32. Rxf8+ Qxf8 33. b4 Qxb4 34. Kh2 Qd6 35. Ne4 Qd5 36. Nf6+ Bxf6 37. Rxf6 Qxf3 38. Rxf3 Kg7 39. Kg3 Rd5 40. Ra3 e5 41. f3 g5 42. Ra6 f6 43. Ra7+ Kg6 44. Ra6 Rd2 45. Ra5 Rd3 46. Ra4 Re3 47. Rb4 Rd3 48. Ra4 Rd4 49. Ra8 e4 50. fxe4 Rxe4 51. Rg8+ Kf5 52. Rh8 h4+ 53. Kh3 Re3+ 54. Kh2 Kg4 55. Rf8 f5 56. Rf7 h3 57. gxh3+ Rxh3+ 58. Kg2 f4 59. Rg7 Ra3 60. Rb7 Ra2+ 61. Kf1 Kg3 62. Rb3+ f3 63. Rb1 Rh2 64. Kg1 f2+ 0-1


[Site "https://www.chess.com"]

[Event "Titled Tuesday Blitz December 27 Early 2022"]
[White "Alex_Sahakyan2006"]
[Black "Garcia Almaguer, Juan Manuel"]
[BlackFideId "5110491"]
[WhiteElo "2629"]
[BlackElo "2090"]
[Result "1-0"]
[Round "03"]
[TimeControl "180+2"]
[Date "2022.12.27"]
[WhiteClock "0:00:13"]
[BlackClock "0:00:03"]

1. Nf3 Nf6 2. c4 c5 3. Nc3 Nc6 4. e3 d6 5. d4 cxd4 6. exd4 g6 7. d5 Nb8 8. Be2 Bg7 9. O-O O-O 10. Be3 Ng4 11. Bd4 Nf6 12. h3 Nbd7 13. Qd2 b6 14. Rfe1 Ba6 15. Rac1 Rc8 16. b3 Nc5 17. Bf1 Re8 18. g3 e5 19. dxe6 fxe6 20. Be3 Bb7 21. Bg2 Nce4 22. Nxe4 Nxe4 23. Qd3 d5 24. cxd5 exd5 25. Rxc8 Qxc8 26. Rc1 Qf5 27. Rc7 Ba8 28. Bd4 Bh6 29. Qb5 Rc8 30. Qd7 Qxd7 31. Rxd7 a5 32. Bxb6 Nc3 33. Ne5 Nxa2 34. Bxa5 Nc1 35. b4 Ne2+ 36. Kh2 d4 37. Bxa8 Rxa8 38. Bb6 Bg7 39. Nc6 Nc3 40. Nxd4 Ne4 41. Ne6 1-0


[Site "https://www.chess.com"]

[Event "Titled Tuesday Blitz December 27 Early 2022"]
[White "Alhadad, Mahmoud"]
[Black "Chernov, Mikhail"]
[WhiteFideId "11501863"]
[BlackFideId "24143170"]
[WhiteElo "1840"]
[BlackElo "2205"]
[Result "0-1"]
[Round "03"]
[TimeControl "180+2"]
[Date "2022.12.27"]
[WhiteClock "0:01:35"]
[BlackClock "0:01:39"]

1. e4 c5 2. Nc3 Nc6 3. Bb5 Nd4 4. Nf3 Nxb5 5. Nxb5 a6 6. Nc3 b5 7. d4 e6 8. d5 Bb7 9. e5 Ne7 10. d6 Nc6 11. Bg5 f6 12. exf6 gxf6 13. Ne4 Bg7 14. Nh4 O-O 15. Qh5 fxg5 16. Nxg5 h6 17. Ng6 Qxg5 18. Qxg5 hxg5 19. Nxf8 Rxf8 20. h4 0-1


[Site "https://www.chess.com"]

[Event "Titled Tuesday Blitz December 27 Early 2022"]
[White "Altman, Joshua"]
[Black "Ordekalog"]
[WhiteFideId "426210"]
[WhiteElo "2120"]
[BlackElo "2826"]
[Result "0-1"]
[Round "03"]
[TimeControl "180+2"]
[Date "2022.12.27"]
[WhiteClock "0:00:20"]
[BlackClock "0:01:10"]

1. d4 d5 2. c4 e6 3. Nc3 c5 4. cxd5 exd5 5. Nf3 Nc6 6. g3 Nf6 7. Bg2 Be7 8. O-O O-O 9. Bg5 cxd4 10. Nxd4 h6 11. Bf4 Bg4 12. h3 Bh5 13. Rc1 Qd7 14. Qa4 Rac8 15. Rfd1 Rfe8 16. Ncb5 Bf8 17. Nxc6 bxc6 18. Nd4 g5 19. Be3 c5 20. Qxd7 Nxd7 21. Nf3 d4 22. Bd2 Rxe2 23. Nxd4 Ree8 24. Nf3 Ne5 25. g4 Bg6 26. Nxe5 Rxe5 27. Bc3 Re7 28. Bf6 Re6 29. Bc3 h5 30. Rd7 hxg4 31. hxg4 a6 32. Bd5 Re2 33. Kg2 Be4+ 34. Bxe4 Rxe4 35. Rh1 Rxg4+ 36. Kf3 Rf4+ 37. Kg3 Bg7 38. Bxg7 Kxg7 39. Rh5 Kg6 40. Rh1 Rf6 41. Re1 Rb8 42. b3 Rb4 43. Re5 Rbf4 44. Rdd5 Rf3+ 45. Kg2 Rxf2+ 46. Kg1 Rf1+ 47. Kg2 R1f2+ 48. Kg3 R6f3+ 49. Kg4 f5+ 50. Rxf5 Rxf5 51. Rxf5 Rxf5 0-1


[Site "https://www.chess.com"]

[Event "Titled Tuesday Blitz December 27 Early 2022"]
[White "Andreassen, Lars"]
[Black "Gnechko, Ruslan"]
[WhiteFideId "1504878"]
[BlackFideId "14135868"]
[WhiteElo "2168"]
[BlackElo "2132"]
[Result "1/2-1/2"]
[Round "03"]
[TimeControl "180+2"]
[Date "2022.12.27"]
[WhiteClock "0:00:03"]
[BlackClock "0:00:02"]

1. d4 Nf6 2. Nf3 e6 3. Bg5 c5 4. e3 b6 5. Bd3 Bb7 6. O-O Be7 7. Nbd2 O-O 8. c3 d6 9. Qe2 Nbd7 10. e4 cxd4 11. cxd4 a6 12. Rac1 b5 13. Rc2 Re8 14. Rfc1 Qa5 15. a3 Rac8 16. Rxc8 Rxc8 17. Rxc8+ Bxc8 18. e5 dxe5 19. dxe5 Nd5 20. Bxe7 Nxe7 21. Qe4 Nf8 22. h4 Qc7 23. h5 Bb7 24. Qf4 h6 25. Kh2 Qc1 26. Qh4 Nd5 27. Ne4 Qxb2 28. Nd6 Bc6 29. Nd4 Bd7 30. Qe4 Qxa3 31. Nxf7 Kxf7 32. Qf3+ Ke7 33. Qg3 Kd8 34. Qxg7 Qxd3 35. Qxf8+ Kc7 36. Qd6+ Kc8 37. Qxa6+ Kd8 38. Nxe6+ Bxe6 39. Qxe6 Ne7 40. Qxh6 Qd5 41. Qb6+ Ke8 42. f4 Qc6 43. Qb8+ Kf7 44. g4 Qc4 45. Kg3 Qd3+ 46. Kh4 Qf3 47. Qxb5 Qf2+ 48. Kh3 Qf3+ 49. Kh4 Qxf4 50. Qb3+ Kg7 51. Qe6 Qf7 52. Qxf7+ Kxf7 53. g5 Nc6 54. Kg4 Nxe5+ 55. Kf5 Nd7 56. h6 Nf8 57. h7 Ng6 1/2-1/2


[Site "https://www.chess.com"]

[Event "Titled Tuesday Blitz December 27 Early 2022"]
[White "Andreev, Eduard"]
[Black "Bilych, Olexiy"]
[WhiteFideId "14103400"]
[BlackFideId "14156504"]
[WhiteElo "2413"]
[BlackElo "2441"]
[Result "0-1"]
[Round "03"]
[TimeControl "180+2"]
[Date "2022.12.27"]
[WhiteClock "0:00:02"]
[BlackClock "0:00:23"]

1. e4 c5 2. Nf3 Nc6 3. Bb5 e5 4. Bxc6 dxc6 5. O-O Bd6 6. h3 Ne7 7. c3 O-O 8. d4 cxd4 9. cxd4 Ng6 10. Bg5 Qb6 11. Qd2 exd4 12. Nxd4 Be5 13. Nb3 a5 14. Be3 Qb4 15. Nc3 Bxc3 16. Qxc3 Qxe4 17. Nxa5 Bxh3 18. f3 Qd5 19. Nxb7 Bf5 20. Rfd1 Rxa2 21. Rac1 Qe5 22. Qxe5 Nxe5 23. Bd4 Ng6 24. Rxc6 Nf4 25. Kf2 Nd3+ 26. Kg3 h5 27. Rd2 Bg6 28. Bc3 Re8 29. Rxg6 fxg6 30. Rxd3 Re2 31. Rd7 h4+ 32. Kh3 Ra1 33. Rxg7+ Kf8 34. Kg4 Rxg2+ 35. Kf4 h3 36. Rh7 h2 0-1


[Site "https://www.chess.com"]

[Event "Titled Tuesday Blitz December 27 Early 2022"]
[White "Andreev, Konstantin"]
[Black "Prieto Aranguren, Alain"]
[WhiteFideId "24239305"]
[BlackFideId "2268906"]
[WhiteElo "2195"]
[BlackElo "2258"]
[Result "0-1"]
[Round "03"]
[TimeControl "180+2"]
[Date "2022.12.27"]
[WhiteClock "0:00:01"]
[BlackClock "0:00:37"]

1. e4 c6 2. d4 d5 3. e5 Be6 4. Nf3 h5 5. Be2 Nh6 6. O-O Nf5 7. Nbd2 Qc8 8. a4 Rg8 9. Nb3 f6 10. Kh1 g5 11. Nc5 h4 12. exf6 exf6 13. Re1 Bxc5 14. dxc5 Kf7 15. Nd4 Nxd4 16. Qxd4 Nd7 17. Bd2 Ne5 18. Bc3 g4 19. Qf4 Nd7 20. b4 Qb8 21. Qh6 g3 22. Bh5+ Ke7 23. Qh7+ Kd8 24. Rxe6 Kc7 25. Re7 Qd8 26. Bxf6 b6 27. Bf7 Rh8 28. Bxh8 Qxe7 29. hxg3 hxg3 30. Bd4 Ne5 31. Re1 gxf2 32. Bxf2 Rf8 33. Bg3 Rxf7 34. Bxe5+ Kb7 35. Qg6 Rh7+ 36. Kg1 Qh4 37. Qg3 Qxb4 38. Qg7+ Rxg7 39. Bxg7 Qxe1+ 0-1


[Site "https://www.chess.com"]

[Event "Titled Tuesday Blitz December 27 Early 2022"]
[White "Ayushh, Ravikumar"]
[Black "Magallanes, Rey Jomar"]
[WhiteFideId "35039482"]
[BlackFideId "5205948"]
[WhiteElo "2032"]
[BlackElo "2052"]
[Result "1-0"]
[Round "03"]
[TimeControl "180+2"]
[Date "2022.12.27"]
[WhiteClock "0:00:13"]
[BlackClock "0:00:03"]

1. e4 c5 2. Nf3 d6 3. d4 cxd4 4. Nxd4 Nf6 5. Nc3 a6 6. Be2 e5 7. Nb3 Be6 8. Be3 Be7 9. O-O O-O 10. f4 exf4 11. Bxf4 Nc6 12. Bf3 Nd7 13. Nd4 Nde5 14. Nxe6 fxe6 15. Bg4 Nxg4 16. Qxg4 Rf6 17. Bg3 Qb6+ 18. Kh1 Raf8 19. Rxf6 Rxf6 20. Na4 Qd4 21. Nc3 Qc4 22. Qe2 Qb4 23. Rb1 Nd4 24. Qd3 Nc6 25. h3 Qc5 26. Rd1 Rg6 27. Bxd6 Qf2 28. Rg1 Bf6 29. e5 Rg3 30. Ne4 Qxg1+ 31. Kxg1 Rxd3 32. cxd3 Bxe5 33. Bxe5 Nxe5 34. Nc5 b6 35. Nxe6 Nxd3 36. Nc7 Nxb2 37. Nxa6 Nc4 38. Nb4 Kf7 39. Kf2 Ke6 40. Ke2 g6 41. Kd3 Ne5+ 42. Kc3 b5 43. Nd3 Nc4 44. Nb2 Ne3 45. g4 Kd5 46. Nd3 Nd1+ 47. Kb4 Kd4 48. Nc5 Nb2 49. Ne6+ Ke5 50. Nf8 Nc4 51. Nxh7 Kf4 52. Nf8 Ne5 53. Kxb5 Kg3 54. a4 1-0


[Site "https://www.chess.com"]

[Event "Titled Tuesday Blitz December 27 Early 2022"]
[White "Bachmann, Axel"]
[Black "Nguyen Hong Nhung"]
[WhiteFideId "3700488"]
[BlackFideId "12412201"]
[WhiteElo "2604"]
[BlackElo "2003"]
[Result "1-0"]
[Round "03"]
[TimeControl "180+2"]
[Date "2022.12.27"]
[WhiteClock "0:01:10"]
[BlackClock "0:01:39"]

1. c4 f5 2. Nc3 Nf6 3. d4 g6 4. Nf3 Bg7 5. g3 O-O 6. Bg2 d6 7. O-O Qe8 8. b3 e5 9. dxe5 dxe5 10. e4 Nc6 11. Re1 Bd7 12. Ba3 fxe4 13. Bxf8 Qxf8 14. Nxe4 Rd8 15. Nfg5 h6 16. Nxf6+ Qxf6 17. Qd5+ 1-0


[Site "https://www.chess.com"]